[Event "Early-Titled-Tuesday-Blitz-February-27-2024"]
[Site "Chess.com"]
[Date "2024.02.27"]
[Round "11"]
[White "joksijoksi"]
[Black "romulocardoso"]
[Result "1-0"]
[WhiteElo "2486"]
[BlackElo "2350"]
[TimeControl "180+1"]
[EndTime "10:02:30 PST"]
[Termination "joksijoksi won by checkmate"]

1. e4 c5 2. c3 g6 3. d4 cxd4 4. cxd4 Bg7 5. Nf3 d6 6. Nc3 Bg4 7. Be3 Nd7 8. Be2 Ngf6 9. h3 Bxf3 10. Bxf3 O-O 11. O-O Rb8 12. Be2 a6 13. a4 Ne8 14.
f4 f5 15. e5 e6 16. Bc4 d5 17.
Nxd5 exd5 18. Bxd5+ Kh8 19. Ba2 Nb6 20. d5 Rc8 21.
Qd4 Nd7 22. Rac1 Nd6 23. Rxc8 Qxc8 24. Rc1 Qd8 25. Qa7 Ne4 26. Qxb7 Nb8 27. Rc7 Rg8 28. Bd4 Qe8 29. e6 Nd6 30. Rxg7 Nxb7 31. Rxb7+ Rg7 32.
Rxg7 Qxa4 33. Be5 Qxa2 34. Rxg6# 1-0

[Event "Early-Titled-Tuesday-Blitz-February-27-2024"]
[Site "Chess.com"]
[Date "2024.02.27"]
[Round "11"]
[White "joshdaruca"]
[Black "ahkashefi2800"]
[Result "0-1"]
[WhiteElo "2755"]
[BlackElo "2630"]
[TimeControl "180+1"]
[EndTime "10:02:32 PST"]
[Termination "ahkashefi2800 won by resignation"]

1. e4 c6 2. d4 d5 3. e5 Bf5 4. Nf3 e6 5. Be2 Ne7 6. Nbd2 Nd7 7. Nh4 Bg6 8. c3 c5 9. O-O Rc8 10. Nxg6 hxg6 11. a4 Nf5 12. Nf3 cxd4 13. cxd4 a6 14.
Bg5 Be7 15. Bxe7 Qxe7 16. Qb3 Nb8 17. Rfc1 O-O 18. Qb6 Rc6 19. Rxc6 Nxc6 20. Rc1 a5 21. Bb5 Qb4 22. Qxb7 Ncxd4 23. Nxd4 Nxd4 24. h3 Ne2+ 0-1

[Event "Early-Titled-Tuesday-Blitz-February-27-2024"]
[Site "Chess.com"]
[Date "2024.02.27"]
[Round "11"]
[White "dropstoneDP"]
[Black "orkinyo12345"]
[Result "1-0"]
[WhiteElo "2993"]
[BlackElo "2512"]
[TimeControl "180+1"]
[EndTime "10:02:39 PST"]
[Termination "dropstoneDP won by resignation"]

1. e4 c5 2. Nf3 d6 3. Bb5+ Nd7 4.
O-O a6 5. Be2 Ngf6 6. d3 g6 7. c4 Bg7 8. Nc3 O-O 9. d4 cxd4 10.
Nxd4 Nc5 11. f3 Bd7 12. Kh1 Rc8 13. Be3 Qa5 14. Nb3 Nxb3 15. axb3 Qb4 16. Bd4 Bc6 17. Ra3 d5 18. Na2 Qd6 19. e5 Qe6 20. exf6 exf6 21. Nc3 dxc4 22. Bxc4 Qf5 23. Qb1 Qh5 24. Ne4 Qf5 25.
Nxf6+ 1-0

[Event "Early-Titled-Tuesday-Blitz-February-27-2024"]
[Site "Chess.com"]
[Date "2024.02.27"]
[Round "11"]
[White "Fernando_Offermann"]
[Black "arnash_bauyrzhan"]
[Result "0-1"]
[WhiteElo "2458"]
[BlackElo "2314"]
[TimeControl "180+1"]
[EndTime "10:02:45 PST"]
[Termination "arnash_bauyrzhan won by resignation"]

1. Nf3 Nf6 2. g3 e6 3. Bg2 d5 4. O-O Be7 5. d3 O-O 6. Nbd2 c5 7. e4 Nc6 8. Re1 dxe4 9. dxe4 e5 10. c3 Qc7 11. Qe2 h6 12. Nc4 Be6 13. Nfd2 Rfd8 14. a4 a6 15. a5 Bf8 16. Nb6 Rab8 17. Ndc4 Nd7 18. f4 Nxb6 19. axb6 Qe7 20. Ne3 exf4 21. gxf4 Qd6 22. f5 Bb3 23. Qg4 Ne5 24.
Qh4 Be7 25. Qh3 Qxb6 26. Nd5 Bxd5 27. exd5 c4+ 28. Kh1 Nd3 29. Be3 Bc5 30. Bxc5 Qxc5 31.
f6 Nf2+ 0-1

[Event "Early-Titled-Tuesday-Blitz-February-27-2024"]
[Site "Chess.com"]
[Date "2024.02.27"]
[Round "11"]
[White "ReadySkate"]
[Black "chess94cu"]
[Result "1-0"]
[WhiteElo "2575"]
[BlackElo "2679"]
[TimeControl "180+1"]
[EndTime "10:03:02 PST"]
[Termination "ReadySkate won by resignation"]

1. d4 Nf6 2. c4 e6 3. Nc3 Bb4 4. f3 d5 5. a3 Bxc3+ 6. bxc3 c5 7. cxd5 Nxd5 8. dxc5 Qa5 9. e4 Ne7 10. Be3 O-O 11. Qb3 Nbc6 12. Bb5 a6 13. Bxc6 Nxc6 14. Ne2 Qc7 15. O-O e5 16. Rad1 Be6 17. Rd5 f5 18. Rfd1 fxe4 19. fxe4 Ne7 20. Ng3 Kh8 21. c4 Nc6 22.
Rd6 Na5 23. Qc3 Bxc4 24. Rd7 Qc6 25. Qxa5 h5 26. Qc3 Qe6 27. R1d6 Qg8 28. Qxe5 Qf7 29. Rxf7 1-0

[Event "Early-Titled-Tuesday-Blitz-February-27-2024"]
[Site "Chess.com"]
[Date "2024.02.27"]
[Round "11"]
[White "Casper"]
[Black "KorolDimitriy75"]
[Result "0-1"]
[WhiteElo "2542"]
[BlackElo "2437"]
[TimeControl "180+1"]
[EndTime "10:03:18 PST"]
[Termination "KorolDimitriy75 won by checkmate"]

1. e4 c5 2. d4 cxd4 3. Qxd4 Nc6 4. Qe3 g6 5. Nc3 Bg7 6. Bd2 Nf6 7. O-O-O O-O 8. h4 d6 9. h5 Nxh5 10. Nf3 Qb6 11.
Qxb6 axb6 12. a3 Nf6 13. Be3 Ng4 14. Bxb6 Bxc3 15. bxc3 Rxa3 16. Kb2 Ra8 17. Bc4 Nce5 18. Bd5 Be6 19. Bxe6 fxe6 20. Ng5 Nc4+ 21. Kb3 Nxb6 22. Rxh7 Ra5 23. Rdh1 Rb5+ 24. Ka2 Ra8# 0-1

[Event "Early-Titled-Tuesday-Blitz-February-27-2024"]
[Site "Chess.com"]
[Date "2024.02.27"]
[Round "11"]
[White "Zampronha1971"]
[Black "rcmz"]
[Result "1-0"]
[WhiteElo "2344"]
[BlackElo "2191"]
[TimeControl "180+1"]
[EndTime "10:03:18 PST"]
[Termination "Zampronha1971 won by resignation"]

1. e4 e6 2. d4 a6 3. c4 b6 4. Nc3 Bb7 5. Bd3 d6 6. Nf3 g6 7. O-O Bg7 8. Re1 Ne7 9. Bg5 h6 10.
Be3 Nd7 11. Qd2 Nf6 12. h3 g5 13. e5 Nd7 14. exd6 cxd6 15. d5 e5 16. g4 Nc5 17.
Bxc5 bxc5 18. Ne4 f5 19. gxf5 Nxf5 20. Nxc5 dxc5 21. Bxf5 Qf6 22. Rxe5+ Kf8 23. Bg4 Bc8 24. Qe2 Bxg4 25. hxg4 Qf4 26. Rf5+ 1-0

[Event "Early-Titled-Tuesday-Blitz-February-27-2024"]
[Site "Chess.com"]
[Date "2024.02.27"]
[Round "11"]
[White "DrCeltic"]
[Black "ReinisUz"]
[Result "1-0"]
[WhiteElo "2590"]
[BlackElo "2419"]
[TimeControl "180+1"]
[EndTime "10:03:26 PST"]
[Termination "DrCeltic won by resignation"]

1. e4 c5 2. Nf3 Nc6 3. d4 cxd4 4.
Nxd4 g6 5. Nc3 Bg7 6. Be3 Nf6 7. Bc4 O-O 8. Bb3 d6 9. h3 Bd7 10. O-O a5 11. a4 Rc8 12. Re1 Ne5 13. Bg5 Nc4 14. Bxc4 Rxc4 15. Qd3 Rc5 16. Be3 Rc8 17. Rad1 Qc7 18. Qd2 Qc4 19. Bh6 Bxa4 20. Bxg7 Kxg7 21. Qg5 Bc6 22. Nf5+ Kh8 23. Nxe7 Qe6 24. Nxc8 Rxc8 25. Nd5 Nd7 26. Nf4 Qe5 27. Qxe5+ dxe5 28. Nd5 Re8 29.
f3 Kg7 30. Rd2 Nc5 31. Ra1 Ra8 32. b4 Ne6 33. Rxa5 Rd8 34. b5 Be8 35. c3 Nc7 36.
Nxc7 1-0

[Event "Early-Titled-Tuesday-Blitz-February-27-2024"]
[Site "Chess.com"]
[Date "2024.02.27"]
[Round "11"]
[White "viktorgen2021"]
[Black "GMJustin"]
[Result "0-1"]
[WhiteElo "2516"]
[BlackElo "2375"]
[TimeControl "180+1"]
[EndTime "10:03:30 PST"]
[Termination "GMJustin won by resignation"]

1. d4 Nf6 2. Nf3 g6 3. g3 Bg7 4. Bg2 O-O 5. O-O d6 6. a4 c5 7. d5 e6 8. Nc3 exd5 9. Nxd5 Nxd5 10. Qxd5 Nc6 11. Rd1 Qe7 12. e3 Be6 13. Qxd6 Rad8 14. Qxd8 Rxd8 15. Bd2 Nb4 16. c3 Nd3 17. Rdb1 Bb3 18. Ra3 Bc2 19. Rba1 c4 20. R1a2 Bb3 21. Ra1 Nxb2 22. Nd4 Bxd4 23. cxd4 Nd3 24. Bc3 b6 25. a5 b5 0-1

[Event "Early-Titled-Tuesday-Blitz-February-27-2024"]
[Site "Chess.com"]
[Date "2024.02.27"]
[Round "11"]
[White "124chess"]
[Black "GMAkobianSTL"]
[Result "1-0"]
[WhiteElo "2586"]
[BlackElo "2815"]
[TimeControl "180+1"]
[EndTime "10:03:32 PST"]
[Termination "124chess won by resignation"]

1. d4 e6 2. Bf4 Nf6 3. e3 c5 4. Nf3 b6 5. Nbd2 Bb7 6. Nc4 d5 7. Nce5 Nbd7 8. Bb5 a6 9. Ng5 axb5 10. Nexf7 Qe7 11.
Nxh8 e5 12. dxe5 Nxe5 13. Nxh7 Nxh7 14. Qh5+ g6 15. Qxe5 g5 16. Bg3 Bg7 17. Qxe7+ Kxe7 18. Ng6+ Ke6 19. h4 g4 20. c3 b4 21. Nf4+ Kf5 22.
O-O bxc3 23. bxc3 Bxc3 24. Rab1 Ra6 25. Rfd1 Nf6 26. h5 d4 27. Ne2 Ne4 28. exd4 cxd4 29. Nxd4+ Bxd4 30. Rxd4 Nxg3 31. fxg3 Ke5 32. Rd2 Be4 33.
Re1 1-0

[Event "Early-Titled-Tuesday-Blitz-February-27-2024"]
[Site "Chess.com"]
[Date "2024.02.27"]
[Round "11"]
[White "Chernov_Alexander_A"]
[Black "campochess"]
[Result "1-0"]
[WhiteElo "2335"]
[BlackElo "2199"]
[TimeControl "180+1"]
[EndTime "10:03:33 PST"]
[Termination "Chernov_Alexander_A won by resignation"]

1. d4 Nf6 2. Nc3 d5 3. Bg5 Nbd7 4. Nf3 h6 5. Bh4 c6 6. e3 Qa5 7. Bd3 Ne4 8. O-O f5 9. Bxe4 dxe4 10. Nd2 Nf6 11. Bxf6 exf6 12. Qh5+ Kd8 13. Ndxe4 g6 14. Qxg6 fxe4 15. Qxf6+ Ke8 16. Qxh8 Qf5 17. f3 Qg5 18. fxe4 Qg7 19. Rxf8+ Qxf8 20. Qe5+ Qe7 21. Qh5+ Kd8 22. Rf1 Be6 23. d5 Bd7 24. Qxh6 Qc5 25. Qf6+ Kc7 26.
Qd4 Qe7 27. e5 Qh7 28. e6 Be8 29. d6+ 1-0

[Event "Early-Titled-Tuesday-Blitz-February-27-2024"]
[Site "Chess.com"]
[Date "2024.02.27"]
[Round "11"]
[White "AniJak"]
[Black "NM_Antelacus"]
[Result "1/2-1/2"]
[WhiteElo "2368"]
[BlackElo "2258"]
[TimeControl "180+1"]
[EndTime "10:03:35 PST"]
[Termination "Game drawn by repetition"]

1. e4 c5 2. Nc3 Nc6 3. g3 g6 4.
Bg2 Bg7 5. d3 d6 6. Nh3 e6 7.
O-O Nge7 8. Be3 Nd4 9. Qd2 Rb8 10.
Nd1 O-O 11. c3 Ndc6 12. Bh6 b5 13. Bxg7 Kxg7 14. f4 f5 15. exf5 exf5 16. Re1 d5 17. Ng5 Ng8 18. d4 c4 19. Ne3 Nce7 20. Nc2 Nf6 21.
Nb4 Qd6 22. Rxe7+ Qxe7 23. Nc6 Qd6 24. Nxb8 Qxb8 25. Re1 Ne4 26. Bxe4 fxe4 27. Qg2 h6 28. Nh3 Bxh3 29. Qxh3 Qc8 30. Qxc8 Rxc8 31. Kf2 Kf6 32. g4 a5 33. Kg3 b4 34. f5 g5 35.
h4 Rb8 36. hxg5+ hxg5 37. Rh1 bxc3 38. bxc3 Rb2 39. Rh2 Rxh2 40. Kxh2 Ke7 41. Kg3 Kd6 42. Kf2 Kd7 43. Ke3 Kd6 44. a4 Ke7 45. Ke2 Kd6 46. Ke3 Ke7 47. Ke2 Kd6 48. Ke3 1/2-1/2

[Event "Early-Titled-Tuesday-Blitz-February-27-2024"]
[Site "Chess.com"]
[Date "2024.02.27"]
[Round "11"]
[White "Vse_po_kaify"]
[Black "aistrel"]
[Result "0-1"]
[WhiteElo "2240"]
[BlackElo "2545"]
[TimeControl "180+1"]
[EndTime "10:03:36 PST"]
[Termination "aistrel won by resignation"]

1. e4 c6 2. c4 d5 3. Nc3 dxe4 4.
Nxe4 Nf6 5. Nxf6+ exf6 6. Nf3 Bg4 7. Qb3 Bc5 8. Be2 Qe7 9. h3 Bh5 10. O-O Qxe2 11. Qxb7 O-O 12. Qxa8 Bxf3 13. gxf3 Qxf3 14. b4 Qg3+ 15. Kh1 Qxh3+ 16. Kg1 Bd4 17. Rb1 Be5 18. f4 Bd4+ 19. Rf2 Qg3+ 0-1

[Event "Early-Titled-Tuesday-Blitz-February-27-2024"]
[Site "Chess.com"]
[Date "2024.02.27"]
[Round "11"]
[White "EsmeraldasAnderson03"]
[Black "BardArtem"]
[Result "0-1"]
[WhiteElo "2502"]
[BlackElo "2733"]
[TimeControl "180+1"]
[EndTime "10:03:44 PST"]
[Termination "BardArtem won by resignation"]

1. d4 Nf6 2. c4 b6 3. Nc3 Bb7 4. d5 g6 5. e4 Bg7 6. Nf3 O-O 7.
Be2 e6 8. O-O exd5 9. exd5 d6 10. Re1 Na6 11. Nd4 Nc5 12. Bf3 Re8 13. Bg5 Rxe1+ 14. Qxe1 Nd3 15. Qd2 Ne5 16. Be2 h6 17. Bxh6 Bc8 18. Bg5 Qf8 19. h3 Bb7 20. Ncb5 Qc8 21.
Qf4 Nh7 22. Bh4 a6 23. Nc3 g5 24. Bxg5 Ng6 25. Qg3 Nxg5 26. Qxg5 Bxd4 27. Bd3 Qd8 28. Qg4 Qh4 29. Qf3 Ne5 30. Qf5 Qxf2+ 31. Qxf2 Bxf2+ 32. Kxf2 Nxd3+ 33. Kf3 Nxb2 34. Re1 Kf8 35. Re4 b5 36. Rh4 Re8 37. cxb5 axb5 38. Rb4 Na4 39. Nxb5 Bxd5+ 40. Kg3 Rb8 41. a3 c5 42. Rxa4 Rxb5 43. Ra6 Ke7 44. h4 Rb1 45. Kf4 Bxg2 46. Ra7+ Ke6 47. h5 Rh1 48. Kg5 Bf3 49. a4 Rxh5+ 50. Kf4 Bc6 51. a5 Rh4+ 52. Kg5 Ra4 53. Rc7 f6+ 54. Kg6 Rg4+ 55. Kh5 Bf3 56. Kh6 Ra4 57. Ra7 c4 58. Kg6 c3 59. Rc7 c2 60. Rxc2 Be4+ 0-1

[Event "Early-Titled-Tuesday-Blitz-February-27-2024"]
[Site "Chess.com"]
[Date "2024.02.27"]
[Round "11"]
[White "TheAlienParty"]
[Black "VladimirBugayev"]
[Result "1-0"]
[WhiteElo "2387"]
[BlackElo "2248"]
[TimeControl "180+1"]
[EndTime "10:03:45 PST"]
[Termination "TheAlienParty won by checkmate"]

1. c4 c5 2. Nf3 g6 3. d4 Bg7 4. e4 cxd4 5. Nxd4 Nc6 6. Be3 Nf6 7. Nc3 O-O 8. Rc1 d6 9. f3 Bd7 10. Be2 a5 11. O-O Nxd4 12. Bxd4 Bc6 13. Qd2 Nd7 14. Be3 Nc5 15. b3 e6 16. Rfd1 Be5 17.
Bf1 f5 18. exf5 Rxf5 19. f4 Bxc3 20. Qxc3 Ne4 21. Qd4 d5 22. cxd5 Rxd5 23. Qxe4 Rxd1 24. Qxe6+ Kg7 25. Qe5+ Kf7 26. Rxd1 Qxd1 27. Bd4 Re8 28. Qf6+ Kg8 29. Qg7# 1-0

[Event "Early-Titled-Tuesday-Blitz-February-27-2024"]
[Site "Chess.com"]
[Date "2024.02.27"]
[Round "11"]
[White "elchacal664"]
[Black "FernandoArauzAlonso"]
[Result "1-0"]
[WhiteElo "2420"]
[BlackElo "2600"]
[TimeControl "180+1"]
[EndTime "10:03:47 PST"]
[Termination "elchacal664 won by resignation"]

1. e4 g6 2. Nf3 Bg7 3. Be2 c5 4.
O-O Nc6 5. Re1 Rb8 6. Bf1 b5 7. a4 b4 8. d3 Qc7 9. Nbd2 d6 10. Nb3 Bg4 11. h3 Bxf3 12. Qxf3 Nf6 13. Qd1 Nd7 14. Rb1 O-O 15. Nd2 e5 16. b3 f5 17. exf5 gxf5 18.
Nc4 Nb6 19. Nxb6 axb6 20. Bb2 f4 21. Qf3 Kh8 22. Be2 Bf6 23. Qh5 Qg7 24. Bf3 Ne7 25.
a5 bxa5 26. Ra1 Ng8 27. Rxa5 Be7 28. Ra7 Nf6 29. Qf5 Ng8 30. Qe6 Qf6 31. Rxe5 Qxe6 32. Rxe6+ Bf6 33. Be4 1-0

[Event "Early-Titled-Tuesday-Blitz-February-27-2024"]
[Site "Chess.com"]
[Date "2024.02.27"]
[Round "11"]
[White "DumbKing75"]
[Black "kids2010"]
[Result "0-1"]
[WhiteElo "2646"]
[BlackElo "2874"]
[TimeControl "180+1"]
[EndTime "10:03:55 PST"]
[Termination "kids2010 won by resignation"]

1. d4 d5 2. Bf4 c5 3. e3 Nc6 4. c3 Nf6 5. Nd2 e6 6. Ngf3 cxd4 7. exd4 Nh5 8. Be3 Bd6 9. Ne5 g6 10. Bb5 Bd7 11. Nxd7 Qxd7 12. O-O O-O 13. Nf3 f6 14. Re1 Ng7 15. c4 a6 16. Ba4 Nf5 17. cxd5 exd5 18. Bb3 Bc7 19. Rc1 Kg7 20. Qd2 Ba5 21. Qd3 Bxe1 22.
Rxe1 Rae8 23. Bd2 Rxe1+ 24. Bxe1 Re8 25. Bc3 Qe6 26. h3 b5 27. a3 Nd6 28. Bd1 Nc4 29.
a4 b4 30. Be1 Nxb2 31. Qc2 Nxd1 32. Qxd1 a5 33. Qc1 Nxd4 0-1

[Event "Early-Titled-Tuesday-Blitz-February-27-2024"]
[Site "Chess.com"]
[Date "2024.02.27"]
[Round "11"]
[White "SharapovEvgeny"]
[Black "pr1105"]
[Result "1-0"]
[WhiteElo "2521"]
[BlackElo "2340"]
[TimeControl "180+1"]
[EndTime "10:03:56 PST"]
[Termination "SharapovEvgeny won by resignation"]

1. e4 e5 2. Nf3 Nc6 3. Bb5 Nf6 4.
d3 Bc5 5. O-O Nd4 6. Nxd4 Bxd4 7. c3 Bb6 8. d4 O-O 9. dxe5 Nxe4 10.
Bd3 d5 11. exd6 Nxd6 12. Qc2 g6 13. Bf4 Qf6 14. Bg3 Bf5 15. Bxf5 Qxf5 16. Qxf5 Nxf5 17.
Nd2 Nxg3 18. hxg3 Rfe8 19. Rfe1 f5 20. Nc4 Rad8 21. Kf1 c6 22. Rxe8+ Rxe8 23. Rd1 Re7 24.
a4 Bc7 25. a5 Kf7 26. b4 a6 27. Rd3 h5 28. Nd6+ Bxd6 29. Rxd6 Re6 30. Rd7+ Re7 31. Rxe7+ Kxe7 32. Ke2 Kd6 33. Kd3 c5 34. Kc4 cxb4 35.
cxb4 g5 36. f4 gxf4 37. gxf4 h4 38. Kd4 Kc6 39. Ke5 Kb5 40. Kxf5 Kxb4 41. Ke6 Kxa5 42. f5 b5 43. f6 b4 44. f7 b3 45. f8=Q b2 46.
Qa3+ 1-0

[Event "Early-Titled-Tuesday-Blitz-February-27-2024"]
[Site "Chess.com"]
[Date "2024.02.27"]
[Round "11"]
[White "ploxoi"]
[Black "SahibSinghKnight"]
[Result "0-1"]
[WhiteElo "2454"]
[BlackElo "2561"]
[TimeControl "180+1"]
[EndTime "10:03:56 PST"]
[Termination "SahibSinghKnight won by resignation"]

1. d4 d5 2. c4 e6 3. Nf3 c6 4. g3 dxc4 5. Bg2 b5 6. O-O Bb7 7. b3 cxb3 8. axb3 Nd7 9. Qc2 Ngf6 10. Rd1 Qb6 11. Ba3 c5 12. dxc5 Bxc5 13. Bxc5 Qxc5 14.
Qxc5 Nxc5 15. Nc3 a6 16. b4 Ncd7 17. Rd6 Ke7 18. Rad1 Rhc8 19. Nb1 Bd5 20. e4 Kxd6 21. exd5 Nxd5 22. Ng5 Rc4 23. Nxf7+ Ke7 24. Ng5 Rxb4 25. Nd2 h6 26. Nxe6 Kxe6 27. Nc4 N7f6 28. Re1+ Kf7 29. Nd6+ Kf8 30. Rd1 Rd8 0-1

[Event "Early-Titled-Tuesday-Blitz-February-27-2024"]
[Site "Chess.com"]
[Date "2024.02.27"]
[Round "11"]
[White "xasid81"]
[Black "BilicVladimir"]
[Result "1-0"]
[WhiteElo "2579"]
[BlackElo "2679"]
[TimeControl "180+1"]
[EndTime "10:03:59 PST"]
[Termination "xasid81 won by resignation"]

1. e4 e6 2. d4 d5 3. Nc3 Nf6 4. exd5 exd5 5. Nf3 Bd6 6. Bd3 O-O 7. O-O c6 8. h3 h6 9. Ne2 Nbd7 10. Bf4 Qc7 11. Qd2 Re8 12. Bxd6 Qxd6 13. Rfe1 Nf8 14. Ng3 Bd7 15. Ne5 Re7 16. Bf5 Rae8 17. Bxd7 N8xd7 18.
Nf5 Qc7 19. Nxe7+ Rxe7 20. Nxd7 Rxd7 21. c3 Ne4 22. Qc2 Qf4 23. Re3 Rd6 24. Rae1 Rg6 25. Rxe4 dxe4 26. Rxe4 Qd6 27. Qe2 Qd5 28. a3 Rf6 29. Re8+ Kh7 30. Qe4+ Qxe4 31. Rxe4 Rf5 32. Re7 Rb5 33. b4 Kg6 34. Kf1 Kf6 35. Rc7 a5 36.
a4 Rb6 37. bxa5 Rb3 38. a6 bxa6 39. Rxc6+ Kf5 40. g3 a5 41. Ke2 Ke4 42. f3+ Kd5 43. Rc5+ Kd6 44. Kd3 Rb2 45. Rxa5 Rg2 46. g4 Rg3 47.
Ke3 Rxh3 48. c4 g6 49. Ra6+ Kd7 50. c5 h5 51. g5 Rh1 52. d5 h4 53. Ra7+ Kc8 54. Rxf7 h3 55. Rh7 h2 56. Kf4 Rd1 57. Rxh2 Rxd5 58. Rh6 Rf5+ 59. Kg4 Rxc5 60. Rxg6 Rc4+ 61.
f4 Rxa4 62. Rd6 1-0

[Event "Early-Titled-Tuesday-Blitz-February-27-2024"]
[Site "Chess.com"]
[Date "2024.02.27"]
[Round "11"]
[White "Leebit02"]
[Black "jcmesafischer"]
[Result "1-0"]
[WhiteElo "2542"]
[BlackElo "2385"]
[TimeControl "180+1"]
[EndTime "10:04:00 PST"]
[Termination "Leebit02 won on time"]

1. d4 Nf6 2. c4 e6 3. Nf3 d5 4. g3 Be7 5. Bg2 O-O 6. O-O c6 7. Nc3 b6 8. b3 Ba6 9. Qd3 Nbd7 10. e4 c5 11. e5 dxc4 12. bxc4 Nd5 13. Ne4 Nb4 14. Qb1 Bxc4 15. Rd1 Nd5 16. Nfg5 1-0

[Event "Early-Titled-Tuesday-Blitz-February-27-2024"]
[Site "Chess.com"]
[Date "2024.02.27"]
[Round "11"]
[White "Ishowmoves57"]
[Black "ViktoriyaTarasova"]
[Result "0-1"]
[WhiteElo "2173"]
[BlackElo "2319"]
[TimeControl "180+1"]
[EndTime "10:04:00 PST"]
[Termination "ViktoriyaTarasova won by resignation"]

1. e4 c5 2. b3 d6 3. Bb2 Nf6 4. Nc3 e6 5. f4 Be7 6. Nf3 Nc6 7.
Be2 O-O 8. O-O Rb8 9. a4 a6 10. Qe1 d5 11. d3 b5 12. Nd1 dxe4 13. dxe4 Nb4 14. Bd3 Nxd3 15. cxd3 Qxd3 16. e5 Nd5 17.
Nc3 Nxc3 18. Bxc3 b4 19. Bd2 Qxb3 20. Ng5 h6 21. Ne4 Bb7 22. Rc1 Bxe4 23. Qxe4 Rfd8 24. Be1 Qd5 25. Qe2 a5 26. Bf2 b3 27. Rfd1 Qc6 28.
Rxd8+ Rxd8 29. Qc4 Rb8 30. Rb1 b2 31. Qc2 Qb6 32.
Be1 Qb3 33. Qxb3 Rxb3 34. Bxa5 c4 35. Bc3 Rxc3 36. Rxb2 Ra3 37. Rb8+ Kh7 38. Rb7 Bc5+ 0-1

[Event "Early-Titled-Tuesday-Blitz-February-27-2024"]
[Site "Chess.com"]
[Date "2024.02.27"]
[Round "11"]
[White "MatthewG-p4p"]
[Black "Msb2"]
[Result "1-0"]
[WhiteElo "2921"]
[BlackElo "3013"]
[TimeControl "180+1"]
[EndTime "10:04:05 PST"]
[Termination "MatthewG-p4p won by checkmate"]

1. e4 e6 2. d4 d5 3. e5 c5 4.
c3 Nc6 5. Nf3 Nge7 6. Na3 Bd7 7.
Nc2 Qa5 8. dxc5 Qc7 9. Ncd4 Nxe5 10. b4 a6 11. Nxe5 Qxe5+ 12. Be2 Ng6 13. O-O Be7 14. Re1 Qc7 15. Bd3 O-O 16. Bd2 b6 17. cxb6 Qxb6 18. a4 a5 19. b5 Bf6 20. Be3 Qc7 21. Rc1 e5 22. Nb3 Ne7 23. c4 d4 24. Bd2 Bf5 25.
Bxf5 Nxf5 26. Qf3 Nh4 27. Qe4 g6 28. c5 Nf5 29. Bxa5 Qd7 30. c6 Qe6 31. Nc5 Qa2 32. Bb4 Rxa4 33. Nxa4 Qxa4 34. Bxf8 Kxf8 35. c7 Qd1 36.
c8=Q+ Kg7 37. Rexd1 Ng3 38. hxg3 h5 39. Qea8 Kh6 40.
Qf8+ Kg5 41. Qxf7 Kg4 42. Qf3+ Kg5 43. Q7xf6+ Kh6 44. Rc6 e4 45. Qxg6# 1-0

[Event "Early-Titled-Tuesday-Blitz-February-27-2024"]
[Site "Chess.com"]
[Date "2024.02.27"]
[Round "11"]
[White "kidagent"]
[Black "sathvikadiga"]
[Result "0-1"]
[WhiteElo "2364"]
[BlackElo "2562"]
[TimeControl "180+1"]
[EndTime "10:04:06 PST"]
[Termination "sathvikadiga won by resignation"]

1. c4 Nf6 2. g3 g6 3. Bg2 Bg7 4. Nf3 O-O 5. O-O d6 6. Nc3 Nc6 7. e4 e5 8. d3 Nd4 9. Nxd4 exd4 10. Ne2 c5 11. h3 Nd7 12. f4 Re8 13. g4 Nf8 14. Ng3 Bd7 15. f5 Be5 16. Qf3 g5 17. Bd2 h6 18. Nh5 f6 19. h4 Kf7 20.
hxg5 hxg5 21. Ng3 Bc6 22. Kf2 Nd7 23. Rh1 Rh8 24. Rxh8 Qxh8 25. Rh1 Qg7 26. Nh5 Qf8 27. Qh3 Qh8 28. Ng3 Qxh3 29. Rxh3 Bxg3+ 30. Kxg3 Kg7 31. Bf1 Ne5 32. Be2 b5 33. cxb5 Bxb5 34. Kf2 Rh8 35. Rxh8 Kxh8 36. Ba5 Bxd3 37. Bc7 Bxe2 38. Kxe2 Nf7 39.
Kd3 Kg7 40. Kc4 Kf8 41. Kd5 Ke7 42. Kc6 Ne5+ 43. Kd5 d3 44. Ba5 Nf3 0-1

[Event "Early-Titled-Tuesday-Blitz-February-27-2024"]
[Site "Chess.com"]
[Date "2024.02.27"]
[Round "11"]
[White "Binary010"]
[Black "sotochess"]
[Result "1-0"]
[WhiteElo "2837"]
[BlackElo "2636"]
[TimeControl "180+1"]
[EndTime "10:04:07 PST"]
[Termination "Binary010 won on time"]

1. d4 Nf6 2. c4 e6 3. Nf3 d5 4.
Nc3 Bb4 5. Qa4+ Nc6 6. e3 Ne4 7.
Qc2 Nxc3 8. bxc3 Be7 9. cxd5 exd5 10. Bd3 h6 11. O-O O-O 12. Rb1 Re8 13. Bd2 b6 14. c4 dxc4 15. Bh7+ Kf8 16. Be4 Bd7 17. Qxc4 Na5 18. Bxa5 bxa5 19. Bxa8 Qxa8 20. Qxc7 Bf5 21. Rb7 Be4 22. Rxa7 Qb8 23. Qxb8 Rxb8 24. Rxa5 Bb4 25. Ra7 Bd3 26. Ne5 1-0

[Event "Early-Titled-Tuesday-Blitz-February-27-2024"]
[Site "Chess.com"]
[Date "2024.02.27"]
[Round "11"]
[White "PawnEatingZombie"]
[Black "Atousa"]
[Result "0-1"]
[WhiteElo "2190"]
[BlackElo "2472"]
[TimeControl "180+1"]
[EndTime "10:04:17 PST"]
[Termination "Atousa won by checkmate"]

1. e4 c5 2. c3 Nf6 3. e5 Nd5 4.
Nf3 d6 5. Bb5+ Bd7 6. Bc4 e6 7. O-O Nc6 8. d4 cxd4 9. cxd4 Be7 10. Nc3 Nxc3 11. bxc3 Qc7 12. Qe2 O-O 13. Bd3 dxe5 14. dxe5 Rfd8 15. Qe4 g6 16. Rd1 Be8 17. h4 Rd5 18.
Bf4 Rad8 19. h5 Qa5 20. c4 R5d7 21. hxg6 hxg6 22. Rab1 Qxa2 23. g3 Bc5 24. Be3 Bxe3 25. Qxe3 Rxd3 26. Qh6 Rxd1+ 27. Rxd1 Rxd1+ 28. Kg2 Qe2 29. Ng5 Qf1+ 30. Kf3 Nxe5+ 31. Kf4 Qxf2+ 32. Kxe5 Qf5# 0-1

[Event "Early-Titled-Tuesday-Blitz-February-27-2024"]
[Site "Chess.com"]
[Date "2024.02.27"]
[Round "11"]
[White "the_blue_pill"]
[Black "Bilan_Danila"]
[Result "0-1"]
[WhiteElo "2422"]
[BlackElo "2555"]
[TimeControl "180+1"]
[EndTime "10:04:18 PST"]
[Termination "Bilan_Danila won by checkmate"]

1. e4 c6 2. d4 d5 3. exd5 cxd5 4. c4 Nf6 5. Nc3 Nc6 6. Nf3 Bg4 7. cxd5 Nxd5 8. Qb3 Bxf3 9. gxf3 e6 10. Qxb7 Nxd4 11.
Bb5+ Nxb5 12. Qc6+ Ke7 13. Qxb5 Qd7 14. Nxd5+ Qxd5 15. Bg5+ f6 16. Qxd5 exd5 17. Be3 Ke6 18. O-O-O Rc8+ 19. Kb1 Bc5 20. Rhe1 Bxe3 21. Rxe3+ Kd6 22. Ra3 Rc7 23.
Ra5 Rhc8 24. Raxd5+ Ke6 25. a3 g5 26. Rd6+ Kf5 27.
R1d5+ Kg6 28. Ra5 Rc1+ 29. Ka2 R1c2 30. f4 gxf4 31. h4 h5 32. Rg5+ Kf7 33. Rxh5 Rb8 34. Rh6 Rcxb2+ 35. Ka1 Rb1+ 36. Ka2 R8b2# 0-1

[Event "Early-Titled-Tuesday-Blitz-February-27-2024"]
[Site "Chess.com"]
[Date "2024.02.27"]
[Round "11"]
[White "Jospem"]
[Black "maciek_92"]
[Result "1-0"]
[WhiteElo "3083"]
[BlackElo "2867"]
[TimeControl "180+1"]
[EndTime "10:04:19 PST"]
[Termination "Jospem won by checkmate"]

1. e4 c5 2. Nf3 e6 3. c3 Nf6 4.
Bd3 d5 5. e5 Nfd7 6. Bc2 d4 7. Qe2 Nc6 8. Ba4 Qc7 9. d3 Be7 10.
O-O dxc3 11. Nxc3 O-O 12. Bxc6 Qxc6 13. Bg5 Bxg5 14. Nxg5 h6 15. Nh3 b6 16. Rae1 Ba6 17. Nf4 Rfd8 18. Qg4 Nf8 19. Re3 Rd4 20. Ne4 Qc7 21.
Nf6+ Kh8 22. Rg3 g6 23. Qh4 Kg7 24. N6h5+ Kh7 25. Qf6 Qd8 26. Qg7# 1-0